 Dungeon Crawl Stone Soup version 0.31-a0-544-gceb718ecc6 (webtiles) character file.

Game seed: 5587237459407583492

252 dialectric the Ruffian (level 5, 0/38 HPs)
             Began as a Demonspawn Shapeshifter on Aug 15, 2023.
             Succumbed to a scorpion's poison
             ... on level 4 of the Dungeon.
             The game lasted 00:05:42 (3971 turns).

dialectric the Ruffian (Demonspawn Shapeshifter)    Turns: 3971, Time: 00:05:42

Health: 0/38       AC:  3    Str: 18    XL:     5   Next: 89%
Magic:  5/5        EV: 12    Int:  9    God:
Gold:   29         SH:  0    Dex: 13    Spells: 4/4 levels left

rFire   . .          .
                       - Unarmed
rCold   . . .        (no shield)
rNeg    . . .        a - +0 animal skin
rPois   .            (helmet currently unavailable)
rElec   .            (cloak currently unavailable)
rCorr   .            (gloves currently unavailable)
SInv    .            (boots currently unavailable)
Will    +....        (no amulet)
Stlth   ++           (no ring)
HPRegen 0.26/turn    (no ring)
MPRegen 0.09/turn

%: no passive effects
@: lethally poisoned (0 -> -11), beast-form, enlightened, flying
A: beast (slay +2), rugged brown scales 1, weakness stinger 2
a: Begin Untransformation


You were on level 4 of the Dungeon.
You were a hulking beast.
You visited 1 branch of the dungeon, and saw 5 of its levels.

You collected 174 gold pieces.
You spent 145 gold pieces at shops.

Inventory:

Missiles
 e - 2 atropa-tipped darts
 k - 4 javelins
Armour
 a - a +0 animal skin (worn)
 p - a +0 pair of boots
Jewellery
 r - a ring of wizardry
Talismans
 c - a beast talisman (active)
 d - a flux talisman
 h - a flux talisman
Scrolls
 f - 2 scrolls of enchant weapon {unknown}
 g - 6 scrolls of identify {unknown}
 j - a scroll of poison {unknown}
 l - a scroll of revelation {unknown}
 n - a scroll of brand weapon {unknown}
 o - 2 scrolls of fear
 s - 2 scrolls of teleportation
 t - a scroll of blinking
Potions
 b - a potion of lignification
 i - a potion of enlightenment
 m - 2 potions of curing {unknown}
 q - a potion of heal wounds {unknown}


   Skills:
 + Level 1.5 Fighting
 + Level 2.9 Dodging
 - Level 1.0 Stealth
 - Level 4.0 Unarmed Combat
 * Level 3.9 Shapeshifting


You had 4 spell levels left.
You didn't know any spells.
Your spell library contained the following spells:

 Spells                   Type           Power      Damage    Failure   Level
 Magic Dart               Conj           0%         1d3       38%         1
 Scorch                   Fire           0%         2d5       52%         2
 Searing Ray              Conj           0%         2d4       52%         2
 Flame Wave               Conj/Fire      0%         2d4       99%         4
 Fulminant Prism          Conj/Hex       0%         3d5       99%         4
 Summon Cactus Giant      Summ           0%         N/A       100%        6


Dungeon Overview and Level Annotations

Branches:
Dungeon (5/15)
 Temple: D:4-7

Altars:
Yredelemnul

Shops:
D:1 ?

Annotations:
D:3 Terence
D:5 Eustachio, Menkaure


Innate Abilities, Weirdness & Mutations

You are a hulking beast.
Your limbs bulge with bestial killing power. (Slay +2)
You are partially covered in rugged brown scales. (AC +1, +3% HP)
You have a tail ending in a sharp stinger.


Message History

You hit the scorpion but do no damage.
The scorpion is lightly wounded.
The scorpion stings you.
You are poisoned.
The scorpion poisons you!
You hit the scorpion but do no damage.
The scorpion is lightly wounded.
You feel sick. The scorpion barely misses you.
You hit the scorpion but do no damage. You tail-slap the scorpion.
The scorpion is heavily wounded.
You feel sick. The scorpion stings you.
You hit the scorpion.
The scorpion is heavily wounded.
You feel sick. The scorpion closely misses you.
You are too injured to fight recklessly!
You are too injured to fight recklessly!
You are too injured to fight recklessly!
You are too injured to fight recklessly!
You are too injured to fight recklessly!
You hit the scorpion.
The scorpion is severely wounded.
You feel sick. The scorpion stings you. x2
* * * LOW HITPOINT WARNING * * *
You are lethally poisoned!
The scorpion poisons you!
You hit the scorpion.
You tail-slap the scorpion, but do no damage.
The scorpion is almost dead.
* * * LOW HITPOINT WARNING * * *
You feel very sick. The scorpion closely misses you.
You closely miss the scorpion.
Your tail-slap misses the scorpion.
The scorpion is almost dead.
* * * LOW HITPOINT WARNING * * *
You feel sick. The scorpion completely misses you.
Unknown command.
It was a potion of enlightenment.
You feel very buoyant.
You fly up into the air.
You die...

#.# #.##..#.#.# #.# #.#
#.##.)#)#.# #.#
#.######.##..#.#.# #.#
#......#.##..#.#.########.#
######.#.##..#.#.#.........
#....##..#.#.).######.#
#....##...............#
#....##....############
#.....hs..........##...
#.....#.<#.######......
#.....[..#.# ####.#.
#......#.#.#########.#.
######........#.............
#.........#.#.###########.##
##.###....#.#.###########...
#.# #....#.#.##........####
#.# ####.#.#.##..........[.


You could see a scorpion.

Vanquished Creatures
  A centaur (D:5)
  8 adders
  An ufetubus (D:5)
  An adder zombie (D:3)
  4 dart slugs
  2 orcs
  3 endoplasms
  4 giant cockroaches
  13 goblins
  5 hobgoblins
  7 jackals
  4 kobolds
  7 quokkas
  5 ball pythons
  2 ball python zombies (D:3)
  5 bats
  3 frilled lizards
  6 rats
81 creatures vanquished.

Notes
Turn   | Place    | Note
-------+----------+-------------------------------------------
     0 | D:1      | dialectric the Demonspawn Shapeshifter began the quest for
                  | the Orb.
     0 | D:1      | Reached XP level 1. HP: 15/15 MP: 1/1
   179 | D:1      | Gained mutation: You have a small tail. [demonic ancestry]
   179 | D:1      | Reached XP level 2. HP: 21/21 MP: 2/2
   233 | D:1      | Found Ifazoe's Magic Scroll Shoppe.
   450 | D:1      | Reached skill level 3 in Unarmed Combat
   782 | D:1      | Gained mutation: You have a tail ending in a sharp stinger.
                  | [demonic ancestry]
   782 | D:1      | Reached XP level 3. HP: 26/26 MP: 3/3
  1228 | D:2      | Found a faded altar of an unknown god.
  1922 | D:2      | Gained mutation: You are partially covered in rugged brown
                  | scales. (AC +1, +3% HP) [demonic ancestry]
  1922 | D:2      | Reached XP level 4. HP: 26/32 MP: 4/4
  2381 | D:3      | Found a basalt altar of Yredelemnul.
  2406 | D:3      | Noticed Terence
  2927 | D:4      | Reached XP level 5. HP: 27/38 MP: 5/5
  3195 | D:4      | Reached skill level 1 in Stealth
  3522 | D:1      | Bought a scroll of teleportation for 30 gold pieces
  3522 | D:1      | Bought a scroll of blinking for 75 gold pieces
  3522 | D:1      | Bought a scroll of fear for 40 gold pieces
  3779 | D:5      | Entered Level 5 of the Dungeon
  3785 | D:5      | Reached skill level 4 in Unarmed Combat
  3786 | D:5      | Noticed a centaur
  3794 | D:5      | Killed a centaur
  3930 | D:5      | Noticed Eustachio
  3930 | D:5      | Noticed Menkaure
  3971 | D:4      | Succumbed to a scorpion's poison

Illustrated notes

Levels and vault maps discovered:
D:1:      dpeg_arrival_prison, layout_basic, serial_shops, shop
D:2:      minmay_general_purpose_star, layout_basic, basic_ecumenical_altar,
          grunt_decor_cap
D:3:      layout_loops_cross, nicolae_yredelemnul_corpse_copse, uniq_terence
D:4:      layout_basic, hex_intersection
D:5:      layout_gridville, lemuel_doored_altar, uniq_eustachio, uniq_menkaure,
          uniq_blork_the_orc

Skill      XL: |  1  2  3  4  5 |
---------------+----------------+-----
Shapeshifting  | 3 |  3.9
Unarmed Combat | 3 4 |  4.0
Dodging        | 2 |  2.9
Stealth        | 1 |  1.0
Fighting       | |  1.5

Action                     |  1- 3 |  4- 6 || total
---------------------------+-------+-------++-------
  Melee: Unarmed           |   131 |   108 ||   239
         Tailslap          |     7 |    10 ||    17
         Punch             |     1 |     2 ||     3
    Use: Potion            |       |     1 ||     1
   Stab: Sleeping          |     1 |     1 ||     2
         Distracted        |     1 |       ||     1
 Armour: Animal skin       |    21 |    16 ||    37
  Dodge: Dodged            |    88 |    74 ||   162

Table legend: (Time is in decaauts)
 A = Elapsed time spent in this place.
 B = Non-inter-level travel time spent in this place.
 C = Inter-level travel time spent in this place.
 D = Time resting spent in this place.
 E = Time spent auto-exploring this place.
 F = Levels seen in this place.
 G = Mean time per level.
                   A        B        C        D        E       F      G
               +--------+--------+--------+--------+--------+-----+--------+
         Total |   3960 |   3678 |    282 |    121 |   2748 |   5 |  792.0 |
       Dungeon |   3960 |   3678 |    282 |    121 |   2748 |   5 |  792.0 |
               +--------+--------+--------+--------+--------+-----+--------+

Top non-repeatable levels by time:
     D:1: 1138 daAuts
     D:4: 996 daAuts
     D:2: 964 daAuts
     D:3: 680 daAuts
     D:5: 180 daAuts
